 Dungeon Crawl Stone Soup version 0.31-a0-233-g139696dc86 (webtiles) character file.

Game seed: 11038356132257404379

843 Decritt the Trooper (level 8, 38/52 HPs)
             Began as a Gargoyle Fighter on July 8, 2023.
             Quit the game on level 1 of the Abyss.
             The game lasted 00:07:08 (3604 turns).

Decritt the Trooper (Gargoyle Fighter)              Turns: 3604, Time: 00:07:09

Health: 38/52      AC: 15    Str: 21    XL:     8   Next: 0%
Magic:  8/8        EV:  9    Int: 10    God:
Gold:   324        SH:  9    Dex:  9    Spells: 7/7 levels left

rFire   . . .        w - +1 mace (protect)
rCold   . . .        c - +0 buckler
rNeg    + . .        b - +0 scale mail
rPois   ∞            u - +0 helmet
rElec   +            n - +0 cloak
rCorr   .            (no gloves)
SInv    .            (no boots)
Will    .....        m - amulet of reflection Stlth
                     (no ring)
HPRegen 0.28/turn    (no ring)
MPRegen 0.11/turn

%: reflection
@: no status effects
A: sickness immunity, AC +5, negative energy resistance 1, electricity
resistance, torment resistance 1, petrification resistance
a: no special abilities


You were on level 1 of the Abyss.
You visited 1 branch of the dungeon, and saw 5 of its levels.
You visited the Abyss 1 time.

You collected 324 gold pieces.

Inventory:

Hand Weapons
 a - a +0 flail
 w - a +1 mace of protection (weapon)
Armour
 b - a +0 scale mail (worn)
 c - a +0 buckler (worn)
 n - a +0 cloak (worn)
 u - a +0 helmet (worn)
Jewellery
 m - an amulet of reflection (around neck)
 o - a ring of fire
 s - an amulet of magic regeneration
Wands
 v - a wand of roots (9)
Scrolls
 g - 3 scrolls of teleportation
 h - a scroll of enchant armour {unknown}
 i - 2 scrolls of enchant weapon
 j - a scroll of noise {unknown}
 k - a scroll of immolation {unknown}
 p - a scroll of brand weapon {unknown}
 q - a scroll of revelation
 t - a scroll of amnesia {unknown}
Potions
 d - a potion of mutation
 e - a potion of haste {unknown}
 f - a potion of magic
 l - 3 potions of lignification
 r - a potion of cancellation {unknown}


   Skills:
 * Level 6.5 Fighting
 * Level 5.3 Maces & Flails
 + Level 5.0 Armour
 + Level 5.0 Shields


You had 7 spell levels left.
You didn't know any spells.
Your spell library contained the following spells:

 Spells                   Type           Power      Damage    Failure   Level
 Slow                     Hex            0%         N/A       77%         1
 Wereblood                Tmut           0%         N/A       88%         2
 Confusing Touch          Hex            0%         N/A       98%         3
 Ignite Poison            Fire/Tmut/Pois 0%         N/A       98%         3
 Vampiric Draining        Necr           0%         2d6       98%         3
 Freezing Cloud           Conj/Ice/Air   0%         6-21      100%        5
 Summon Hydra             Summ           0%         N/A       100%        7
 Cigotuvi's Dreadful Rot  Necr/Pois/Air  Unusable   N/A       N/A         2
 Sublimation of Blood     Necr           Unusable   N/A       N/A         2

Dungeon Overview and Level Annotations

Branches:
Dungeon (5/15)
 Temple: D:4-7

Altars:
Dithmenos
Okawaru
Lugonu

Shops:
D:5 =

Portals:
Abyss: D:5

Annotations:
D:4 Dowan, Duvessa


Innate Abilities, Weirdness & Mutations

You are immune to sickness and miasma.
Your stone body is resilient. (AC +5)
You are immune to poison.
You resist negative energy. (rN+)
You are resistant to electric shocks. (rElec)
You are resistant to unholy torment.
You are immune to petrification.


Message History

The poisoned dart hits you!
The kobold brigand throws a poisoned dart.
You block the poisoned dart with an invisible shield... and reflect it back!
The poisoned dart hits the kobold brigand!
The kobold brigand is poisoned.
You hit the kobold brigand.
Your weapon exudes an aura of protection.
The kobold brigand is almost dead.
The kobold brigand dies!
Your Armour skill increases to level 5!
Your Shields skill increases to level 5!
You have reached level 8!
You feel clever.
You sock the kobold!
You kill the kobold!
You hit the kobold.
You kill the kobold!
No target in view!
Items here: ( ))) ††.
No target in view!
Okay, then.
HP restored.
A kobold brigand is nearby!
You barely miss the kobold brigand.
The kobold brigand hits you but does no damage.
Space warps around you.
You hit the kobold brigand.
Your weapon exudes an aura of protection.
The kobold brigand is lightly wounded.
The kobold brigand hits you but does no damage.
You are cast into the Abyss!
This branch contains the abyssal rune of Zot.
A wretched star comes into view.
You enter the shallow water.
Moving in this stuff is going to be slow.
The wretched star glows turbulently.
The lance of force hits you.
You are knocked back by the lance of force.
You slam into the stone wall!
Are you sure you want to abandon this character and quit the game? (Confirm with "yes".)

##. .#..##..## ....#
.#.......
♣≈#~..##.#~.....
≈~~~...#.♣..... ~~
~~..~*~~######
##♣.#.#...#..#..# .#
#.#.#.#.#.#...#.#
....#.##..#.#.....
#....#....@..#.##.#
.....###..#...#.##...
.#.........#.#..#...
.###.###.#....#..## #.
............ .
#....#....# ## #
......#..###..#######..
....#..#...... ... .. .
###.## #.... ... ## .


You could see a wretched star.

Vanquished Creatures
  An ice beast (D:4)
  A phantom (D:4)
  4 scorpions
  A hound (D:4)
  3 jellies
  An orc priest (D:4)
  3 sleepcaps (D:5)
  Robin (D:3)
  6 adders
  A white imp (D:5)
  3 worms
  7 orcs
  7 ball pythons
  11 endoplasms
  3 giant cockroaches
  11 goblins
  8 hobgoblins
  2 jackals (D:4)
  7 kobolds
  3 quokkas
  3 bats
  6 frilled lizards
  A rat (D:3)
94 creatures vanquished.

Vanquished Creatures (others)
  A kobold brigand (D:5)
  A kobold (D:5)
2 creatures vanquished.

Grand Total: 96 creatures vanquished

Notes
Turn   | Place    | Note
-------+----------+-------------------------------------------
     0 | D:1      | Decritt the Gargoyle Fighter began the quest for the Orb.
     0 | D:1      | Reached XP level 1. HP: 14/14 MP: 1/1
   177 | D:1      | Reached XP level 2. HP: 19/19 MP: 2/2
   475 | D:2      | Found a shadowy altar of Dithmenos.
   582 | D:2      | Reached XP level 3. HP: 18/24 MP: 3/3
   938 | D:2      | Reached skill level 4 in Fighting
  1444 | D:3      | Reached XP level 4. HP: 29/29 MP: 4/4
  1457 | D:3      | Found an iron altar of Okawaru.
  1705 | D:3      | Noticed Robin
  1727 | D:3      | Noticed a scorpion
  1743 | D:4      | Killed a scorpion
  1744 | D:4      | Reached XP level 5. HP: 16/34 MP: 5/5
  1904 | D:3      | Killed Robin
  2282 | D:4      | Reached skill level 5 in Fighting
  2282 | D:4      | Reached XP level 6. HP: 40/40 MP: 6/6
  2761 | D:5      | Entered Level 5 of the Dungeon
  2761 | D:5      | Noticed Duvessa
  2761 | D:5      | Noticed Dowan
  2761 | D:5      | Found Zaufriro's Jewellery Boutique.
  2764 | D:5      | Noticed an ice beast
  2792 | D:4      | Killed an ice beast
  2793 | D:4      | Reached XP level 7. HP: 43/45 MP: 7/7
  2890 | D:5      | HP: 1/45 [acid (11)]
  3041 | D:5      | Reached skill level 6 in Fighting
  3132 | D:5      | Reached skill level 5 in Maces & Flails
  3368 | D:5      | Found a one-way gate to the infinite horrors of the Abyss.
  3368 | D:5      | Identified the +1 short sword "Newt's Nightmare" {distort,
                  | Drain Str+4 Dex+5}
  3500 | D:5      | Found a large runed translucent door.
  3502 | D:5      | Found a large runed translucent door.
  3504 | D:5      | Found a corrupted altar of Lugonu.
  3560 | D:5      | Reached skill level 5 in Armour
  3560 | D:5      | Reached skill level 5 in Shields
  3560 | D:5      | Reached XP level 8. HP: 48/52 MP: 8/8
  3577 | Abyss:1  | Cast into level 1 of the Abyss (kobold brigand)
  3598 | Abyss:1  | Noticed a wretched star
  3604 | Abyss:1  | Quit the game

Illustrated notes

Levels and vault maps discovered:
D:1:      ldierk_walled_garden, layout_basic, chequers_decorated_corner
D:2:      layout_basic, basic_altar, kennysheep_generic_room_14
D:3:      layout_loops_ring, okawaru_gym_becter, uniq_robin
D:4:      layout_gridville
D:5:      due_chaos_kobolds, layout_rooms, serial_shops, shop, uniq_duvessa
Abyss:1:  base: D:5, minivault_26

Skill      XL: |  1  2  3  4  5  6  7 |
---------------+----------------------+-----
Fighting       | 4 5 6 |  6.5
Maces & Flails | 3 4 5 |  5.3
Armour         | 4 5 |  5.0
Shields        | 4 5 |  5.0

Action                     |  1- 3 |  4- 6 |  7- 9 || total
---------------------------+-------+-------+-------++-------
  Melee: Flail             |   108 |   166 |       ||   274
         Mace              |       |    35 |    86 ||   121
    Use: Potion            |       |     1 |     1 ||     2
         Scroll            |       |     7 |     2 ||     9
 Armour: Scale mail        |    59 |   146 |    44 ||   249
  Dodge: Dodged            |    38 |   115 |    33 ||   186
  Block: Buckler           |    48 |   126 |    47 ||   221
         Reflection        |       |       |     2 ||     2

Table legend: (Time is in decaauts)
 A = Elapsed time spent in this place.
 B = Non-inter-level travel time spent in this place.
 C = Inter-level travel time spent in this place.
 D = Time resting spent in this place.
 E = Time spent auto-exploring this place.
 F = Levels seen in this place.
 G = Mean time per level.
                   A        B        C        D        E       F      G
               +--------+--------+--------+--------+--------+-----+--------+
         Total |   3706 |   3588 |    118 |    300 |   2325 |   6 |  617.7 |
       Dungeon |   3679 |   3561 |    118 |    300 |   2325 |   5 |  735.8 |
         Abyss |     27 |     27 |      0 |      0 |      0 |   1 |   27.0 |
               +--------+--------+--------+--------+--------+-----+--------+

Top non-repeatable levels by time:
     D:2: 825 daAuts
     D:4: 809 daAuts
     D:3: 800 daAuts
     D:5: 780 daAuts
     D:1: 462 daAuts
 Abyss:1: 27 daAuts
